 Dungeon Crawl Stone Soup version 0.16-a0-3215-g5dfac0e (webtiles) character file.

90 KaKa the Sneak (level 4, -8/30 HPs)
             Began as a Vampire Enchanter on Dec 20, 2014.
             Killed by divine providence
             ... invoked by an orc priest
              (12 damage)
             ... on level 3 of the Dungeon.
             The game lasted 00:11:35 (3262 turns).

KaKa the Sneak (Vampire Enchanter)                  Turns: 3262, Time: 00:11:36

Health: -8/30      AC:  3    Str:  7    XL:     4   Next: 32%
Magic:  7/7        EV: 11    Int: 17    God:
Gold:   163        SH:  5    Dex: 15    Spells: 3 memorised, 1 level left

rFire  . . .     SeeInvis +     a - +1 dagger
rCold  + . .     Clarity  .     b - +1 robe
rNeg   + + .     SustAb   .     l - +2 buckler
rPois  +         Gourm    .     (no helmet)
rElec  .         Spirit   .     (no cloak)
rCorr  .         Warding  .     (no gloves)
rMut   .         Stasis   .     (no boots)
MR     .....                    (no amulet)
Stlth  ++++......               (no ring)
                                (no ring)

@: regenerating slowly, not resistant to hostile enchantments, stealthy
A: bottle blood, fangs 3, see invisible, unbreathing
a: Bat Form


You were on level 3 of the Dungeon.
You were thirsty.

You visited 1 branch of the dungeon, and saw 3 of its levels.

You collected 163 gold pieces.

Inventory:

Hand weapons
 a - a +1 dagger (weapon)
Armour
 b - a +1 robe (worn)
 l - a +2 buckler (worn)
Jewellery
 d - a +4 ring of dexterity {unknown}
 e - an uncursed ring of fire {unknown}
 g - an uncursed ring of protection from fire {unknown}
Scrolls
 h - 2 scrolls of identify {unknown}
 i - a scroll of fear {unknown}
 p - a scroll of recharging {unknown}
 q - a scroll of magic mapping {unknown}
 r - a scroll of amnesia {unknown}
Potions
 f - 2 potions of lignification {unknown}
 j - a potion of haste {unknown}
 k - a potion of brilliance {unknown}
 m - a potion of might {unknown}
 n - a potion of poison {unknown}
 o - a potion of cancellation {unknown}
Books
 c - a book of Maledictions

   Spells                             Type                      Level
   a - Corona                         Hexes                        1
   b - Sure Blade                     Hexes/Charms                 2
   c - Ensorcelled Hibernation        Hexes/Ice                    2
   d - Confuse                        Hexes                        3
   e - Dazzling Spray                 Conjuration/Hexes            3
   f - Enslavement                    Hexes                        4


   Skills:
 - Level 2.9 Short Blades
 - Level 2.1 Dodging
 + Level 6.8 Stealth
 - Level 2.0 Spellcasting
 - Level 4.4 Hexes


You had one spell level left.
You knew the following spells:

 Your Spells              Type           Power        Failure   Level  Hunger
a - Confuse               Hex            ###.....     14%         3    ###....
q - Corona                Hex            ###....      4%          1    #......
w - Ensorcelled Hibernat  Hex/Ice        #.....       17%         2    ###....


Dungeon Overview and Level Annotations

Branches:
Dungeon (3/15)

Altars:
Ashenzari
Xom


Innate Abilities, Weirdness & Mutations

You heal slowly.
You can bottle blood from corpses.
You have razor-sharp teeth.
You have supernaturally acute eyesight.
You can survive without breathing.


Message History

You climb downwards.
A hobgoblin, 3 orcs and an orc priest come into view.
The orc shouts! x3
The orc priest shouts!
The hobgoblin shouts!
The orc closely misses you. The orc misses you.
The orc priest mumbles some strange prayers to Beogh against you.
Something smites you!
* * * LOW HITPOINT WARNING * * *
You block the orc's attack. The orc barely misses you.
The orc completely misses you.
You hear a chilling moan.
Found a shimmering altar of Xom.
There is a stone staircase leading up here.
The orc hits you with a club.
* * * LOW HITPOINT WARNING * * *
You block the orc's attack. The orc hits you.
* * * LOW HITPOINT WARNING * * *
The orc priest invokes the aid of Beogh against you.
Something smites you!
You die...

. #....######.. .# #.
#......... # _.
+.###........ ... ##
#............ ..... ##
#..........##
...#######.......#####
...............## #
##.oo.#.........# #
#.o@..##...####'####
#.oo..######......##
........# #......##
..........# #......##
..........# #####'###
.....g...# #..##
##......# #....
#......# #.... ...
#....


You could see an orc priest, 4 orcs and a hobgoblin.

Vanquished Creatures
  3 adders
  A gnoll (D:3)
  2 worms (D:2)
  A giant gecko (D:1)
  An orc (D:3)
  A bat zombie (D:3)
  2 giant cockroaches
  5 goblins
  8 hobgoblins
  A ball python (D:3)
  6 bats (D:2)
  4 giant newts
  3 kobolds
  8 rats
46 creatures vanquished.

Notes
Turn   | Place    | Note
--------------------------------------------------------------
     0 | D:1      | KaKa, the Vampire Enchanter, began the quest for the Orb.
     0 | D:1      | Reached XP level 1. HP: 13/13 MP: 3/3
   340 | D:1      | Reached XP level 2. HP: 8/19 MP: 2/4
   538 | D:1      | Learned a level 2 spell: Ensorcelled Hibernation
  1009 | D:1      | Reached skill level 5 in Stealth
  1253 | D:2      | Reached XP level 3. HP: 21/24 MP: 0/6
  1934 | D:2      | Found a shattered altar of Ashenzari.
  2159 | D:2      | Reached skill level 6 in Stealth
  2608 | D:3      | Reached XP level 4. HP: 30/30 MP: 4/7
  2641 | D:3      | Learned a level 3 spell: Confuse
  3261 | D:3      | Found a shimmering altar of Xom.
  3262 | D:3      | Killed from afar by an orc priest

Action                   |  1- 3 |  4- 6 || total
-------------------------+-------+-------++-------
Melee: Dagger            |    90 |    19 ||   109
 Cast: Corona            |    11 |       ||    11
       Ensorcelled Hiber |    19 |     5 ||    24
       Confuse           |       |     1 ||     1
 Stab: Sleeping          |    26 |     4 ||    30
       Confused          |       |     1 ||     1
  Eat: Corpse            |     2 |     1 ||     3
